 Dungeon Sprint DCSS version 0.19-a0-1498-g0b85ae9 (webtiles) character file.

34350 poirepourri the Slayer (level 13, -15/109 HPs)
             Began as a Gargoyle Fighter on Sept 10, 2016.
             Was the Champion of Cheibriados.
             Killed from afar by a purple draconian (31 damage)
             ... with a bolt of dispelling energy
             ... in the Dungeon (Sprint V: "Ziggurat Sprint").
             The game lasted 00:06:59 (1130 turns).

poirepourri the Slayer (Gargoyle Fighter)           Turns: 1130, Time: 00:07:00

Health: -15/109    AC: 39    Str: 44    XL:     13   Next: 76%
Magic:  13/13      EV: 14    Int: 24    God:    Cheibriados [******]
Gold:   0          SH: 37    Dex: 32    Spells: 0 memorised, 12 levels left

rFire  . . .     SeeInvis .     a - +6 shillelagh "Devastator" {shatter}
rCold  . . .     Gourm    .     L - +15 Maxwell's patent armour {-Cast -Tele rElec MR+ rCorr}
rNeg   + + .     Faith    .     M - +18 shield of the Gong {rElec rN+ MR+ EV-5}
rPois  ∞         Spirit   .     (no helmet)
rElec  +         Dismiss  .     Q - +0 cloak {+Inv}
rCorr  +         Reflect  .     (no gloves)
MR     ++...     Harm     .     (no boots)
Stlth  .......... NoTele   +    (no amulet) NoCast +
                                D - +6 ring of dexterity
                                I - +6 ring of strength

@: studying Transmutations, very slow
A: negative energy resistance 1, electricity resistance, unbreathing,
petrification resistance, rot immunity, AC +9
a: Bend Time, Temporal Distortion, Slouch, Step From Time, Renounce Religion,
Evoke Invisibility


You were in the Dungeon.
You worshipped Cheibriados.
Cheibriados was exalted by your worship.
You were not hungry.

You visited 1 branch

Inventory:

Hand Weapons
 a - the +6 shillelagh "Devastator" (weapon) {shatter}
   (You found it in the Dungeon)
 b - a +5 hand crossbow of freezing
Missiles
 c - 1042 bolts
Armour
 L - the +15 Maxwell's patent armour (worn) {-Cast -Tele rElec MR+ rCorr}
   (You found it in the Dungeon)

   It insulates you from electricity.
   It affects your resistance to hostile enchantments.
   It prevents spellcasting.
   It prevents most forms of teleportation.
   It protects you from acid and corrosion.
 M - the +18 shield of the Gong (worn) {rElec rN+ MR+ EV-5}
   (You found it in the Dungeon)

   It affects your evasion (-5).
   It insulates you from electricity.
   It protects you from negative energy.
   It affects your resistance to hostile enchantments.
 N - a +5 gold dragon armour
 Q - a +0 cloak of invisibility (worn)
Jewellery
 D - a +6 ring of dexterity (right hand)
 E - a +6 ring of dexterity
 G - an uncursed ring of protection from cold
 H - a +6 ring of strength
 I - a +6 ring of strength (left hand)
 J - an uncursed ring of flight
 U - an uncursed ring of wizardry
 V - the ring "Muleuthre" {rElec Int+3 Dex+3 Slay-4}
   (You found it in the Dungeon)

   [ring of dexterity]

   It affects your intelligence (+3).
   It affects your dexterity (+3).
   It affects your accuracy and damage with ranged weapons and melee attacks
   (-4).
   It insulates you from electricity.
Wands
 y - a wand of disintegration (7/24)
 A - a wand of iceblast (5/15)
 B - a wand of lightning (5/15)
 C - a wand of acid (5/15)
Scrolls
 k - 4 scrolls of blinking
 n - 4 scrolls of amnesia
 o - 3 scrolls of recharging
 p - 7 scrolls of fog
 q - 4 scrolls of holy word
 r - 4 scrolls of identify
 s - 5 scrolls of remove curse
 t - 2 scrolls of fear
Potions
 d - 2 potions of might
 e - 10 potions of curing
 g - 2 potions of heal wounds
 h - 8 potions of haste
 i - 7 potions of magic
 j - 3 potions of berserk rage
 u - 2 potions of brilliance
 v - 2 potions of invisibility
 w - 2 potions of resistance
 z - 3 potions of agility
Books
 F - Owniclob's Thorough Guide to Casting
   (You found it in the Dungeon)

   Spells                             Type                      Level
   a - Tornado                        Air                          9
 P - a book of Geomancy

   Spells                             Type                      Level
   a - Sandblast                      Earth                        1
   b - Passwall                       Transmutation/Earth          2
   c - Stone Arrow                    Conjuration/Earth            3
   d - Petrify                        Transmutation/Earth          4
   e - Lee's Rapid Deconstruction     Earth                        5
 R - the Incunabulum of the Birds and Toxins
   (You found it in the Dungeon)

   Spells                             Type                      Level
   a - Shock                          Conjuration/Air              1
   b - Static Discharge               Conjuration/Air              3
   c - Ignite Poison                  Fire/Transmutation/Poison    3
   d - Conjure Ball Lightning         Conjuration/Air              6
   e - Freezing Cloud                 Conjuration/Ice/Air          6
 T - the Papyrus of Icy Poisoning
   (You found it in the Dungeon)

   Spells                             Type                      Level
   a - Ice Form                       Ice/Transmutation            4
   b - Olgreb's Toxic Radiance        Poison                       4
   c - Poisonous Cloud                Conjuration/Poison/Air       6
   d - Bolt of Cold                   Conjuration/Ice              6
 W - a manual of Transmutations
Miscellaneous
 x - a phial of floods
 K - a disc of storms
 O - 3 phantom mirrors
Comestibles
 f - 5 bread rations
 l - 42 fruits
 m - 4 meat rations


   Skills:
 + Level 23.9 Fighting
 + Level 18.0 Maces & Flails
 - Level 5.2 Throwing
 + Level 8.1 Armour
 + Level 9.1 Dodging
 + Level 15.9 Shields


You had 12 spell levels left.
You didn't know any spells.

Dungeon Overview and Level Annotations

Branches:
Dungeon (1/1)

Altars:
Ashenzari
Cheibriados
Dithmenos
Elyvilon
Fedhas
Gozag
Hepliaklqana
Kikubaaqudgha
Makhleb
Nemelex Xobeh
Okawaru
Qazlal
Ru
Sif Muna
Trog
Uskayaw
Vehumet
Xom
Yredelemnul
Zin
The Shining One
Beogh
Jiyva
Lugonu


Innate Abilities, Weirdness & Mutations

You are resistant to torment.
Your stone body is resilient. (AC +9)
You are immune to poison.
You resist negative energy. (rN+)
You are resistant to electric shocks. (rElec)
You can survive without breathing.
You are immune to petrification.
You are immune to rotting.


Message History

You kill the purple draconian!
Cheibriados appreciates the change of pace.
The purple draconian is almost dead.
You block the red draconian annihilator's attack.
GONNNNG!
You block the purple draconian's attack.
GONNNNG!
Unknown command.
Unknown command.
You block the white draconian annihilator's attack.
SHROANNG!
You block the purple draconian's attack.
PANG!
The red draconian annihilator mumbles some strange words.
The red draconian annihilator blinks!
The white draconian annihilator casts a spell.
The white draconian annihilator blinks!
The purple draconian breathes dispelling energy at you.
The bolt of dispelling energy hits you!
You die...

▓▓▓▓▓▓▓▓▓▓▓▓▓▓▓▓▓▓▓▓▓▓
▓....8©8....▓▓.8©8.▓.8
▓..)|).:)|..▓▓.))).▓.:
▓..})||})}..▓▓.....▓..
▓...........▓▓.....▓..
▓...........▓▓.....▓..
▓....d§§....▓▓..†..▓..
▓....@)\.q..▓▓.....▓..
▓.q▓.))).▓..▓▓▓▓▓▓▓▓▓▓
▓ ▓▓...▓▓ ▓..8©8...▓
▓..▓.....▓..▓........▓
▓...........▓...}....▓
▓▓▓▓▓▓▓▓▓▓▓▓▓........▓
▓....8©8....▓...†....▓
▓..|}|))})..▓.!......▓
▓...)::)))..▓........▓


You could see a purple draconian and 2 draconians.

Vanquished Creatures
  A lich (D)
  A shadow dragon (D)
  A draconian zealot (D)
  A draconian scorcher (D)
  A very ugly thing (D)
  2 stone giants (D)
  A mottled draconian (D)
  2 white draconians (D)
  A yellow draconian (D)
  A red draconian (D)
  4 purple draconians (D)
  A yaktaur captain (D)
  5 vault guards (D)
  A hell hog (D)
  4 soul eaters (D)
  A hell knight (D)
  An unseen horror (shapeshifter) (D)
  A faun (shapeshifter) (D)
  A salamander (shapeshifter) (D)
  A moth of wrath (shapeshifter) (D)
  A cyclops (D)
  2 guardian serpents (shapeshifter) (D)
  2 rust devils (D)
  An orange demon (D)
  A hellion (D)
  2 yaktaurs (D)
  7 merfolk (D)
  A jumping spider (D)
  A two-headed ogre (shapeshifter) (D)
  Sigmund (D)
  A spriggan (D)
  2 shadows (D)
  A golden eye (shapeshifter) (D)
  A tarantella (D)
  A basilisk (shapeshifter) (D)
  3 fire elementals (D)
  A neqoxec (D)
  A hippogriff (shapeshifter) (D)
  5 hippogriffs (D)
  3 hell hounds (D)
  2 orc warriors (D)
  A black bear (D)
  A necrophage (D)
  6 wolves (D)
  4 centaurs (D)
  2 scorpions (D)
  A wight (D)
  2 quasits (D)
  An iron imp (D)
  An orc wizard (D)
  Jessica (D)
  A white imp (D)
  An ufetubus (D)
  2 adder zombies (D)
  An adder skeleton (D)
  3 orcs (D)
  2 bat skeletons (D)
  A bat zombie (D)
  A ball python skeleton (D)
  A giant gecko skeleton (D)
  A jackal skeleton (D)
  2 quokka skeletons (D)
  A quokka zombie (D)
  A spectral ball python (D)
110 creatures vanquished.

Vanquished Creatures (others)
  A bat skeleton (D)
1 creature vanquished.

Grand Total: 111 creatures vanquished

Notes
Turn   | Place    | Note
-------+----------+-------------------------------------------
     0 | D        | poirepourri the Gargoyle Fighter began the quest for the Orb.
     0 | D        | Reached XP level 1. HP: 14/14 MP: 1/1
     0 | D        | Found a blossoming altar of Fedhas.
     3 | D        | Found a viscous altar of Jiyva.
     3 | D        | Found a hazy altar of Hepliaklqana.
     3 | D        | Found an opulent altar of Gozag.
     3 | D        | Found an ancient bone altar of Kikubaaqudgha.
     3 | D        | Found a corrupted altar of Lugonu.
     7 | D        | Found a burning altar of Makhleb.
     8 | D        | Found a stormy altar of Qazlal.
     8 | D        | Found a sacrificial altar of Ru.
     8 | D        | Found an iron altar of Okawaru.
     8 | D        | Found a deep blue altar of Sif Muna.
     8 | D        | Found a sparkling altar of Nemelex Xobeh.
     8 | D        | Found a bloodstained altar of Trog.
   105 | D        | Reached skill level 6 in Fighting
   105 | D        | Reached skill level 5 in Maces & Flails
   105 | D        | Reached XP level 2. HP: 23/23 MP: 2/2
   146 | D        | Became a worshipper of Cheibriados the Contemplative
   168 | D        | Entered arena 1.
   168 | D        | Noticed Sigmund
   168 | D        | Noticed Jessica
   175 | D        | Killed Jessica
   175 | D        | Reached skill level 7 in Fighting
   175 | D        | Reached XP level 3. HP: 29/29 MP: 3/3
   176 | D        | Killed Sigmund
   176 | D        | Reached skill level 11 in Fighting
   176 | D        | Reached skill level 1 in Dodging
   176 | D        | Reached XP level 4. HP: 35/40 MP: 4/4
   176 | D        | Reached XP level 5. HP: 39/44 MP: 5/5
   185 | D        | Entered arena 2.
   185 | D        | Noticed a wolf
   185 | D        | Noticed a black bear
   185 | D        | Noticed a wolf
   191 | D        | Killed a wolf
   191 | D        | Reached * piety under Cheibriados
   191 | D        | Reached skill level 12 in Fighting
   191 | D        | Reached XP level 6. HP: 34/51 MP: 6/6
   192 | D        | Killed a black bear
   192 | D        | Reached skill level 13 in Fighting
   193 | D        | Reached ** piety under Cheibriados
   193 | D        | Reached XP level 7. HP: 38/57 MP: 7/7
   259 | D        | Identified Owniclob's Thorough Guide to Casting (You found it in the Dungeon)
   262 | D        | Entered arena 3.
   262 | D        | Noticed a jumping spider
   262 | D        | Noticed a tarantella
   264 | D        | Killed a tarantella
   264 | D        | Reached skill level 14 in Fighting
   264 | D        | Reached *** piety under Cheibriados
   267 | D        | Killed a jumping spider
   267 | D        | Reached **** piety under Cheibriados
   267 | D        | Reached skill level 15 in Fighting
   267 | D        | Reached XP level 8. HP: 62/66 MP: 8/8
   278 | D        | Entered arena 4.
   285 | D        | Reached skill level 16 in Fighting
   295 | D        | Reached ***** piety under Cheibriados
   370 | D        | Entered arena 5.
   370 | D        | Noticed a spriggan
   373 | D        | Reached skill level 17 in Fighting
   373 | D        | Reached skill level 10 in Maces & Flails
   373 | D        | Reached XP level 9. HP: 66/74 MP: 9/9
   408 | D        | Entered arena 6.
   410 | D        | Reached ****** piety under Cheibriados
   432 | D        | Entered arena 7.
   432 | D        | Noticed an orange demon
   432 | D        | Noticed a rust devil
   432 | D        | Noticed a rust devil
   436 | D        | Killed a rust devil
   436 | D        | Reached skill level 18 in Fighting
   438 | D        | Killed an orange demon
   438 | D        | Killed a rust devil
   461 | D        | Identified the Incunabulum of the Birds and Toxins (You found it in the Dungeon)
   463 | D        | Entered arena 8.
   464 | D        | Reached skill level 19 in Fighting
   470 | D        | Reached XP level 10. HP: 68/84 MP: 10/10
   507 | D        | Identified the Papyrus of Icy Poisoning (You found it in the Dungeon)
   524 | D        | Entered arena 9.
   543 | D        | Reached skill level 20 in Fighting
   556 | D        | Entered arena 10.
   556 | D        | Noticed a cyclops
   561 | D        | Reached skill level 5 in Dodging
   566 | D        | Killed a cyclops
   580 | D        | Entered arena 11.
   580 | D        | Noticed a soul eater
   580 | D        | Noticed a soul eater
   580 | D        | Noticed a soul eater
   582 | D        | Noticed a shadow dragon
   582 | D        | Noticed a soul eater
   596 | D        | Killed a shadow dragon
   596 | D        | Reached skill level 21 in Fighting
   596 | D        | Reached XP level 11. HP: 87/92 MP: 11/11
   601 | D        | Killed a soul eater
   606 | D        | Killed a soul eater
   607 | D        | Killed a soul eater
   609 | D        | Killed a soul eater
   632 | D        | Got the ring "Muleuthre" {rElec Int+3 Dex+3 Slay-4}
   654 | D        | Entered arena 12.
   654 | D        | Noticed a stone giant
   654 | D        | Noticed a stone giant
   654 | D        | Noticed a lich
   654 | D        | Noticed a vault guard
   655 | D        | Noticed a vault guard
   655 | D        | Noticed a vault guard
   655 | D        | Noticed a vault guard
   655 | D        | Noticed a vault guard
   655 | D        | Noticed a yaktaur captain
   659 | D        | Killed a lich
   659 | D        | Reached skill level 22 in Fighting
   659 | D        | Reached skill level 15 in Maces & Flails
   662 | D        | Killed a vault guard
   662 | D        | Reached XP level 12. HP: 80/101 MP: 12/12
   663 | D        | Killed a stone giant
   665 | D        | Killed a stone giant
   665 | D        | Reached skill level 23 in Fighting
   665 | D        | Reached skill level 1 in Throwing
   665 | D        | Reached skill level 5 in Shields
   670 | D        | Killed a vault guard
   672 | D        | Killed a vault guard
   676 | D        | Killed a vault guard
   677 | D        | Killed a vault guard
   680 | D        | Killed a yaktaur captain
   820 | D        | Entered arena 13.
   821 | D        | Noticed a purple very ugly thing
   833 | D        | Killed a purple very ugly thing
   833 | D        | Reached skill level 10 in Shields
   836 | D        | Reached skill level 5 in Throwing
   842 | D        | Reached skill level 5 in Armour
   842 | D        | Reached XP level 13. HP: 48/108 MP: 13/13
  1029 | D        | Entered arena 14.
  1095 | D        | Entered arena 15.
  1096 | D        | Noticed a purple draconian
  1096 | D        | Noticed a purple draconian
  1096 | D        | Noticed a white draconian annihilator
  1096 | D        | Noticed a purple draconian scorcher
  1096 | D        | Noticed a yellow draconian
  1096 | D        | Noticed a red draconian annihilator
  1096 | D        | Noticed a mottled draconian
  1097 | D        | Noticed a purple draconian zealot
  1097 | D        | Noticed a purple draconian
  1097 | D        | Noticed a purple draconian
  1097 | D        | Noticed a white draconian
  1097 | D        | Noticed a red draconian
  1097 | D        | Noticed a purple draconian
  1097 | D        | Noticed a white draconian
  1101 | D        | Killed a yellow draconian
  1103 | D        | Killed a purple draconian scorcher
  1106 | D        | Killed a red draconian
  1110 | D        | Killed a purple draconian
  1117 | D        | Killed a purple draconian
  1120 | D        | Killed a purple draconian zealot
  1122 | D        | Killed a mottled draconian
  1122 | D        | Killed a white draconian
  1122 | D        | Reached skill level 15 in Shields
  1126 | D        | Killed a white draconian
  1128 | D        | Killed a purple draconian
  1129 | D        | Killed a purple draconian
  1130 | D        | Killed from afar by a purple draconian

Vault maps used:
D:        sprint_v

Skill      XL: |  1  2  3  4  5  6  7  8  9 10 11 12 13 |
---------------+----------------------------------------+-----
Fighting       | 6 7 11 12 13 15 17 19 21 22 23 | 23.9
Maces & Flails | 5 6 7 8 10 11 14 15 17 18 | 18.0
Dodging        | 1 2 3 4 6 7 8 9 |  9.1
Throwing       | 5 |  5.2
Shields        | 10 15 | 15.9
Armour         | 5 8 |  8.1

Action                   |  1- 3 |  4- 6 |  7- 9 | 10-12 | 13-15 || total
-------------------------+-------+-------+-------+-------+-------++-------
Melee: Shillelagh        |     6 |     7 |    37 |    80 |    39 ||   169
  Use: Potion            |     2 |       |     2 |     3 |    10 ||    17
       Scroll            |       |       |     1 |       |     1 ||     2
Armor: Plate armour      |     2 |    10 |    38 |    80 |    47 ||   177
Dodge: Dodged            |       |       |    17 |    66 |    32 ||   115
Block: Shield            |     8 |    22 |    96 |   215 |   117 ||   458
